noty, lawful female elven Wizard --------- |.......| |.......| |...@...| |...aw..| | |...@A..| | |. ----%---- .| |......a......| ---....A..5.--- -----@----- -...@...-- ...5A%4..-------- .......1..|...... .........--...- .......--....| ----|----`..--- ....@...%%..| ------------- noty the Sorceress Experience level: 18 Strength: 18 Dexterity: 21 Constitution: 16 Intelligence: 20 Wisdom: 19 Charisma: 14 Health: 124(153) Energy: 59(212) Def: 24 Gold: 489 Moves: 52161 Dungeon seed: f6FVrtSEFIRDWAc9 Game ID: noty_1465887135 Your Inventory: Coins $ - 489 gold pieces Amulets F - an uncursed amulet of life saving (being worn) L - the blessed Eye of the Aethiopica Weapons E - the blessed rustproof +5 Magicbane Armor d - an uncursed thoroughly burnt +1 pair of jumping boots (being worn) e - an uncursed thoroughly burnt +0 cloak of displacement (being worn) f - a blessed +3 pair of gauntlets of dexterity (being worn) q - a blessed +5 silver dragon scale mail (being worn) r - a blessed +5 Hawaiian shirt (being worn) y - a blessed +4 helm of brilliance z - a cursed -1 helm of opposite alignment (being worn) Comestibles m - an uncursed C-ration o - an uncursed lizard corpse V - an uncursed K-ration Spellbooks b - the uncursed Book of the Dead Rings h - an uncursed ring of free action (on left hand) p - an uncursed ring of conflict O - an uncursed ring of levitation Wands c - an uncursed wand of death (0:3) t - a cursed wand of teleportation (0:0) U - an uncursed wand of digging (0:1) Y - an uncursed wand of teleportation (0:0) Tools j - 7 uncursed wax candles (0:400) k - an uncursed skeleton key A - a blessed +0 unicorn horn D - a cursed magic marker (0:6) G - a blessed bag of holding M - the uncursed Candelabrum of Invocation (7 candles, lit) (0:12) R - an uncursed blindfold S - the uncursed Bell of Opening (0:0) Gems n - 2 uncursed jade stones T - a blessed luckstone Contents of the bag of holding: the cursed rustproof +3 Excalibur the uncursed rustproof +0 Ogresmasher the uncursed rustproof +0 Snickersnee the uncursed rustproof +0 Trollsbane an uncursed thoroughly burnt +2 pair of leather gloves 12 uncursed C-rations 2 uncursed cloves of garlic an uncursed sprig of wolfsbane an uncursed tin of Wizard of Yendor meat 5 uncursed tripe rations 4 blessed scrolls of blank paper 2 cursed scrolls of blank paper a blessed scroll of charging a cursed scroll of charging a blessed scroll of earth an uncursed scroll of earth 2 uncursed scrolls of enchant weapon a blessed scroll of magic mapping 3 uncursed scrolls of magic mapping 3 blessed scrolls of remove curse an uncursed scroll of remove curse a cursed scroll of remove curse 2 blessed scrolls of teleportation 15 uncursed scrolls of teleportation a cursed scroll of teleportation a blessed spellbook of finger of death named 34486:1 an uncursed spellbook of haste self an uncursed spellbook of identify an uncursed spellbook of jumping an uncursed spellbook of magic missile named 42099:1 12 blessed potions of full healing an uncursed potion of full healing an uncursed potion of gain ability 6 potions of holy water an uncursed potion of object detection an uncursed potion of sickness a potion of unholy water named 3 a potion of unholy water named 4 a potion of unholy water named 5 an uncursed potion of water an uncursed potion of water named 1 an uncursed wand of cold (0:5) an uncursed wand of cold (0:4) an uncursed wand of death (0:5) an uncursed wand of digging (0:4) an uncursed wand of digging (0:4) an uncursed wand of digging (0:2) an uncursed wand of digging (0:0) an uncursed wand of digging (0:0) an uncursed wand of fire (0:5) an uncursed wand of lightning (0:8) an uncursed wand of lightning (0:3) a cursed wand of secret door detection (0:6) an uncursed wand of sleep (0:7) an uncursed wand of speed monster (0:5) an uncursed wand of striking (0:3) an uncursed wand of teleportation (0:7) a cursed wand of teleportation (0:3) an uncursed wand of wishing (0:2) an uncursed wand of wishing (0:0) an uncursed brass lantern (0:1081) an uncursed expensive camera (0:84) an uncursed magic harp (0:5) an uncursed magic marker (1:25) a cursed magic marker (0:0) an uncursed oil lamp (0:1115) an uncursed oil lamp (0:876) an uncursed sack a cursed tallow candle (0:200) an uncursed tinning kit (0:79) 2 uncursed wax candles (0:400) 4 uncursed agate stones 8 uncursed amber stones 9 uncursed amethyst stones 11 uncursed diamonds 12 uncursed emeralds 7 uncursed fluorite stones 8 uncursed jade stones 9 uncursed jasper stones 4 uncursed jet stones an uncursed luckstone an uncursed obsidian stone an uncursed opal 6 uncursed rubies an uncursed topaz stone an uncursed touchstone an uncursed turquoise stone 5 uncursed worthless pieces of black glass an uncursed worthless piece of red glass Spells and supernatural/magical abilities: Name Level Category Fail Memory a - force bolt 1* attack 0% 0% c - cause fear 3* enchantment 0% 0% e - charm monster 3 enchantment 0% 100% j - jumping 1 escape 0% 67% l - light 1* divination 0% 0% m - magic missile 2 attack 0% 50% n - detect monsters 1* divination 0% 0% o - cone of cold 4 attack 0% 82% s - slow monster 2* enchantment 0% 0% z - sleep 1* enchantment 0% 0% C - cancellation 7 matter 100% 83% D - drain life 2* attack 0% 0% E - detect food 2* divination 0% 0% F - finger of death 7 attack 0% 12% H - haste self 3 escape 0% 47% I - identify 3 divination 0% 22% L - levitation 4* escape 0% 0% M - magic mapping 5 divination 0% 26% V - teleportitis -- ability ? -- W - pray for help -- divine ? -- Y - supernatural jump -- ability ? -- Your skills at the end: Fighting Skills Weapon Skills dagger [Expert] quarterstaff [Basic] Spellcasting Skills attack spells [Expert] divination spells [Skilled] enchantment spells [Basic] escape spells [Expert] Final Attributes: You were the Glory of Arioch. You were fervently aligned. You were fire resistant. You were cold resistant. You were sleep resistant. You were disintegration-resistant. You were shock resistant. You were poison resistant. You were magic-protected. You saw invisible. You were telepathic. You were warned. You had infravision. You were invisible to others. You were displaced. You were stealthy. You could jump. You could teleport. You had teleport control. You were protected. You were very fast. You had reflection. You had free action. Your life would have been saved. You were very lucky. You had extra luck. Good luck did not time out for you. You survived. Vanquished creatures: Demogorgon Asmodeus Baalzebub Orcus Yeenoghu Juiblex The Wizard of Yendor (5 times) Pestilence 2 high priests a mastodon Medusa Croesus 8 krakens 4 iron golems 10 storm giants a titan 2 glass golems a balrog 11 purple worms 7 silver dragons 3 red dragons 5 white dragons 2 orange dragons 2 black dragons a blue dragon a green dragon 16 minotaurs 4 jabberwocks The Dark One 3 baluchitheria 3 Angels a demilich Vlad the Impaler 8 stone golems 7 master mind flayers 10 Olog-hai 2 Nazgul 3 pit fiends 2 sandestins 3 titanotheres 5 trappers a baby silver dragon a baby red dragon a baby black dragon a baby green dragon a guardian naga 3 disenchanters 15 vampire lords 6 shades 4 skeletons 8 aligned priests 6 captains 4 liches 4 nurses 2 ice devils 2 nalfeshnees 3 lurkers above 2 Aleaxes 3 frost giants 3 ettins a golden naga 11 black puddings 18 vampires 7 ghosts 11 lieutenants 2 queen bees 3 winged gargoyles 3 mind flayers 8 giant mimics 6 zruties 5 fire giants 2 ogre kings 3 ice trolls 12 rock trolls 5 umber hulks 2 flesh golems 2 Elvenkings 6 hezrous 7 bone devils 4 large mimics 4 wumpuses a fire vortex a baby long worm a baby purple worm 9 long worms a couatl 9 stalkers 4 air elementals 4 fire elementals 2 earth elementals 2 water elementals 3 hill giants 3 giant mummies 3 black nagas 18 xorns 7 giant zombies 8 elf-lords 23 sergeants a water demon a barbed devil 6 vrocks 2 salamanders 12 wargs 3 winter wolves 3 hell hound pups 17 small mimics 2 glass piercers 3 warhorses 3 steam vortices 8 xans 4 ettin mummies 3 ogre lords 6 quantum mechanics 22 trolls a sasquatch 2 wood golems an erinys 2 mariliths a djinni 4 sharks 6 electric eels 3 gelatinous cubes 3 large dogs 2 freezing spheres 5 flaming spheres 3 shocking spheres a large cat 4 tigers 5 gargoyles 2 dwarf kings 8 tengu an ochre jelly 6 leocrottas 2 energy vortices a mountain centaur 10 stone giants 5 elf mummies 3 human mummies 3 red nagas 3 green slimes 3 pit vipers 2 pythons 4 cobras 11 wraiths 5 carnivorous apes 10 ettin zombies 4 leather golems 5 Grey-elves 109 soldiers a horned devil 4 succubi 3 incubi 4 chameleons 2 crocodiles 10 giant beetles 5 quivering blobs 17 cockatrices 20 wolves 10 winter wolf cubs 4 lynxes 3 gremlins a spotted jelly 26 leprechauns 4 orc-captains 3 iron piercers 2 mumakil 7 giant spiders 5 scorpions 2 horses 7 ice vortices 3 black lights 92 vampire bats 6 forest centaurs 9 gnome kings an orc mummy 2 dwarf mummies 3 ogres 7 brown puddings 12 rust monsters 11 owlbears 7 yetis 4 gold golems a werewolf 3 Green-elves 2 piranhas 12 giant eels 5 lizards 7 apprentices 13 chickatrices 3 dogs 3 dingos a housecat 8 jaguars 3 dwarf lords a blue jelly a white unicorn 2 gray unicorns 4 dust vortices 5 ravens 10 plains centaurs 3 gnome mummies 2 snakes 5 apes 21 human zombies 5 Woodland-elves 9 soldier ants 18 fire ants 12 bugbears 2 imps a lemure 9 quasits 7 wood nymphs 5 water nymphs a mountain nymph 6 Mordor orcs 35 Uruk-hai 3 orc shamans 2 rock piercers 3 rock moles 8 ponies 9 fog clouds 11 yellow lights 6 shriekers 5 violet fungi 19 gnome lords 8 gnomish wizards 2 kobold mummies a red naga hatchling 2 golden naga hatchlings 4 gray oozes 3 barrow wights 7 elf zombies 12 ghouls 2 straw golems 2 paper golems 5 jellyfish 4 giant ants a little dog 9 floating eyes 10 kittens 22 dwarves 10 homunculi 4 kobold lords 3 kobold shamans 3 hill orcs 6 rothes 3 rabid rats 3 centipedes 8 giant bats 6 monkeys 6 orc zombies 2 dwarf zombies a wererat 5 werejackals 8 iguanas 103 killer bees 4 acid blobs 12 coyotes 8 hobbits 23 manes 4 large kobolds 18 hobgoblins 27 giant rats 7 cave spiders 3 brown molds 6 yellow molds a green mold 5 red molds 66 gnomes 13 garter snakes 6 gnome zombies 3 geckos 14 jackals 3 foxes 3 kobolds 10 goblins 7 sewer rats 10 grid bugs 10 bats 3 lichens 12 newts 1902 creatures vanquished. Genocided or extinct species: liches demiliches master liches arch-liches soldiers (extinct) jellyfish piranhas sharks giant eels electric eels krakens 10 species genocided. 1 species extinct. Voluntary challenges: You used a wielded weapon 3144 times, starting on turn 17. You read items or engraved 462 times, starting on turn 321. You genocided 10 types of monsters, starting on turn 38960. You polymorphed 42 items, starting on turn 48508. You changed form 1 time, starting on turn 48722. You used 2 wishes, starting on turn 47004. You did not wish for any artifacts. You split 13 puddings, starting on turn 33549. You wrote Elbereth's name 136 times, starting on turn 321. You violated your moral code, losing 417 points of alignment, starting on turn 8558. Dungeon overview: The Dungeons of Doom: levels 1 to 29 Level 1 stairs to The Elemental Planes Level 2 an altar to Anhur, a fountain Level 3 a fountain, a sink Level 4 stairs to The Gnomish Mines Level 5 a general store Level 6 a delicatessen, some fountains Level 7 Level 8 many fountains Level 9 a sink stairs to Sokoban Level 10 a fountain Level 11 a general store, a fountain Level 12 portal to Fort Ludios Level 13 a fountain, a sink Level 14 portal to The Quest Level 15 an armor shop, a fountain Level 16 a general store Level 17 Level 18 Level 19 some fountains Level 20 Level 21 a temple to Anhur Level 22 (invisible mindflayer running around!!!) Level 23 a general store Level 24 an altar to Anhur Level 25 a fountain Level 26 some fountains Level 27 Level 28 Level 29 a fountain Gehennom: levels 30 to 50 Level 30 a temple to Moloch stairs to The Dungeons of Doom Level 31 Level 32 Level 33 Level 34 Level 35 a fountain Level 36 Level 37 Level 38 Level 39 Level 40 stairs to Vlad's Tower Level 41 some shops, an altar to Moloch Level 42 Level 43 Level 44 Level 45 portal to Gehennom Level 46 Level 47 portal to Gehennom Level 48 Level 49 Level 50 The Gnomish Mines: levels 5 to 13 Level 5 stairs to The Dungeons of Doom Level 6 Level 7 Level 8 many shops, a temple to Ptah, some fountains Level 9 Level 10 Level 11 Level 12 Level 13 a fountain The Quest: levels 1 to 6 Level 1 portal to The Dungeons of Doom Level 2 Level 3 Level 4 Level 5 Level 6 a temple to Ptah Sokoban: levels 5 to 8 Level 5 Level 6 Level 7 Level 8 stairs to The Dungeons of Doom Fort Ludios: Level 1 portal to The Dungeons of Doom Vlad's Tower: levels 37 to 39 Level 37 Level 38 Level 39 stairs to Gehennom The Elemental Planes: Astral Plane <- You were here a high altar Plane 4 portal to The Elemental Planes Plane 3 portal to The Elemental Planes Plane 2 portal to The Elemental Planes Plane 1 portal to The Elemental Planes History has recorded: On T:1 you entered the Dungeons of Doom to retrieve the Amulet of Yendor! On T:216 you reached level 2 of The Dungeons of Doom. On T:356 you reached level 3 of The Dungeons of Doom. On T:675 you reached level 4 of The Dungeons of Doom. On T:835 you advanced to experience level 2. On T:1012 you reached level 5 of The Dungeons of Doom. On T:1040 you reached level 1 of The Gnomish Mines. On T:1218 you advanced to experience level 3. On T:1258 you reached level 6 of The Dungeons of Doom. On T:1313 you advanced to experience level 4. On T:2434 you advanced to experience level 5. On T:3135 you received Magicbane from Anhur. On T:3256 you reached level 2 of The Gnomish Mines. On T:3367 you advanced to experience level 6. On T:3749 you reached level 3 of The Gnomish Mines. On T:3804 you reached level 4 of The Gnomish Mines. On T:3812 you reached level 5 of The Gnomish Mines. On T:3838 you advanced to experience level 7. On T:3986 you reached level 6 of The Gnomish Mines. On T:4564 you reached level 7 of The Gnomish Mines. On T:4621 you advanced to experience level 8. On T:4672 you reached level 8 of The Gnomish Mines. On T:4964 you reached level 9 of The Gnomish Mines. On T:7167 you reached level 7 of The Dungeons of Doom. On T:7488 you reached level 8 of The Dungeons of Doom. On T:7677 you advanced to experience level 9. On T:9784 you reached level 9 of The Dungeons of Doom. On T:9862 you reached level 10 of The Dungeons of Doom. On T:9987 you reached level 4 of Sokoban. On T:10248 you reached level 3 of Sokoban. On T:10823 you reached level 2 of Sokoban. On T:11163 you reached level 1 of Sokoban. On T:13320 you received Trollsbane from Anhur. On T:13870 you reached level 11 of The Dungeons of Doom. On T:14412 you reached level 12 of The Dungeons of Doom. On T:14429 you reached level 13 of The Dungeons of Doom. On T:14486 you advanced to experience level 10. On T:14829 you reached level 14 of The Dungeons of Doom. On T:15203 you reached level 15 of The Dungeons of Doom. On T:15457 you reached level 1 of The Quest. On T:16179 you reached level 16 of The Dungeons of Doom. On T:16748 you reached level 17 of The Dungeons of Doom. On T:16826 you reached level 18 of The Dungeons of Doom. On T:16996 you advanced to experience level 11. On T:17010 you advanced to experience level 12. On T:17574 you reached level 19 of The Dungeons of Doom. On T:18507 you reached level 20 of The Dungeons of Doom. On T:18727 you reached level 21 of The Dungeons of Doom. On T:18758 you reached level 22 of The Dungeons of Doom. On T:19994 you reached level 23 of The Dungeons of Doom. On T:20830 you reached level 24 of The Dungeons of Doom. On T:21422 you reached level 25 of The Dungeons of Doom. On T:22173 you reached level 26 of The Dungeons of Doom. On T:22299 you reached level 27 of The Dungeons of Doom. On T:25917 you advanced to experience level 13. On T:27692 you advanced to experience level 14. On T:28032 you embarked upon an epic quest. On T:28088 you reached level 2 of The Quest. On T:28194 you reached level 3 of The Quest. On T:29128 you reached level 4 of The Quest. On T:29200 you reached level 5 of The Quest. On T:29470 you reached level 6 of The Quest. On T:30334 you killed Dark One on level 1 of The Quest. On T:30359 you completed the quest! On T:33890 you received Ogresmasher from Anhur. On T:34391 you were chosen to steal souls for your god's glory! On T:34575 you reached level 28 of The Dungeons of Doom. On T:34731 you killed Medusa on level 27 of The Dungeons of Doom. On T:35028 you reached The Castle. On T:35398 you reached The Valley of the Dead. On T:35597 you advanced to experience level 15. On T:37267 you advanced to experience level 16. On T:37268 you advanced to experience level 17. On T:37522 you reached Fort Ludios. On T:37694 you killed Croesus in Fort Ludios. On T:38624 you reached level 2 of Gehennom. On T:38948 you reached level 3 of Gehennom. On T:38948 you reached level 4 of Gehennom. On T:39046 you killed Asmodeus on level 3 of Gehennom. On T:39070 you reached level 5 of Gehennom. On T:39194 you reached level 6 of Gehennom. On T:39625 you killed Juiblex on level 5 of Gehennom. On T:39688 you reached level 7 of Gehennom. On T:39792 you reached level 8 of Gehennom. On T:39809 you killed Baalzebub on level 8 of Gehennom. On T:39836 you reached level 9 of Gehennom. On T:39895 you reached level 10 of Gehennom. On T:39921 you reached level 11 of Gehennom. On T:39952 you reached level 12 of Gehennom. On T:41121 you reached level 3 of Vlad's Tower. On T:41183 you reached level 2 of Vlad's Tower. On T:41316 you reached level 1 of Vlad's Tower. On T:41341 you killed Vlad the Impaler on level 1 of Vlad's Tower. On T:41875 you advanced to experience level 18. On T:42350 you reached level 13 of Gehennom. On T:42368 you reached level 14 of Gehennom. On T:42369 you killed Orcus on level 14 of Gehennom. On T:42449 you reached level 15 of Gehennom. On T:42649 you reached level 16 of Gehennom. On T:42677 you reached level 17 of Gehennom. On T:42699 you reached level 18 of Gehennom. On T:43859 you reached level 19 of Gehennom. On T:43971 you reached level 20 of Gehennom. On T:44039 you advanced to experience level 19. On T:44717 you advanced to experience level 20. On T:47004 you wished for "blessed greased fixed +3 pick-axe". On T:50243 you killed Wizard of Yendor on level 14 of Gehennom. On T:50255 you performed the invocation. On T:50256 you reached level 21 of Gehennom. On T:50326 you killed high priest of Moloch on level 21 of Gehennom. On T:50330 you gained the Amulet of Yendor! On T:50682 you killed Wizard of Yendor on level 7 of Gehennom. On T:50859 you wished for "blessed partly eaten chickatrice corpse". On T:50862 you killed Yeenoghu on level 3 of Gehennom. On T:50862 you killed Demogorgon on level 3 of Gehennom. On T:51545 you killed Wizard of Yendor on level 12 of The Dungeons of Doom. On T:51939 you reached the Plane of Earth. On T:51940 you killed Wizard of Yendor on the Plane of Earth. On T:52015 you reached the Plane of Air. On T:52061 you reached the Plane of Fire. On T:52070 you killed Wizard of Yendor on the Plane of Fire. On T:52074 you reached the Plane of Water. On T:52131 you reached the Astral Plane. On T:52139 you killed Pestilence on the Astral Plane. On T:52161 you lost the Amulet of Yendor. On T:52161 you offered the Amulet of Yendor to Ptah and ascended to the status of Demigoddess! Score breakdown: Gold: 489 ( 9151 points) Experience: 18 levels (22969 points) Exploration: 50 levels (100.00%) (30000 points) Discoveries: 176 items ( 63.31%) (23870 points) Valuables value: 126950 (17360 points) Artifact value: 27500 (15101 points) Variety of kills: 281 monsters ( 73.75%) (25763 points) Turncount: 52161 turns (-4818 points) Survival: ascended (score multiplied by 200%) Total score: 278792 Latest messages: You are now wielding your helm of opposite alignment. There is an altar to Ptah (lawful) here. You start equipping your helm of opposite alignment. The Angel of Thoth picks up a small shield. You stop changing your equipment. You continue equipping your helm of opposite alignment. You are now wearing a helm of opposite alignment. Your mind oscillates briefly. The Angel of Thoth drinks a potion of speed! The Angel of Thoth is suddenly moving faster. There is an altar to Ptah (lawful) here. You offer the Amulet of Yendor to Ptah... An invisible choir sings, and you are bathed in radiance... The voice of Ptah booms: "Congratulations, mortal!" "In return for thy service, I grant thee the gift of Immortality!" You ascend to the status of Demigoddess... The sack is empty. The sack is empty. Final status: Goodbye noty the Demigoddess, ascended... You and the purple worm went to your reward with 278792 points, The Book of the Dead (worth 10000 zorkmids) Magicbane (worth 3500 zorkmids) Ogresmasher (worth 200 zorkmids) Excalibur (worth 4000 zorkmids) Trollsbane (worth 200 zorkmids) Snickersnee (worth 1200 zorkmids) The Eye of the Aethiopica (worth 4000 zorkmids) The Candelabrum of Invocation (worth 5000 zorkmids) The Bell of Opening (worth 5000 zorkmids) 12 emeralds (worth 30000 zorkmids), 11 diamonds (worth 44000 zorkmids), 10 jade stones (worth 3000 zorkmids), 9 amethyst stones (worth 5400 zorkmids), 9 jasper stones (worth 4500 zorkmids), 8 amber stones (worth 8000 zorkmids), 7 fluorite stones (worth 2800 zorkmids), 6 rubies (worth 21000 zorkmids), 6 worthless pieces of colored glass, 4 jet stones (worth 3400 zorkmids), 4 agate stones (worth 800 zorkmids), 1 turquoise stone (worth 2000 zorkmids), 1 topaz stone (worth 900 zorkmids), 1 opal (worth 800 zorkmids), 1 obsidian stone (worth 200 zorkmids), 1 amulet of life saving (worth 150 zorkmids), and 489 pieces of gold, after 52161 moves. You were level 18 with a maximum of 153 hit points when you ascended.